AoeStats
← Shame Thrower

Arabia

508740063Analyzed
1v1 RM · 8d ago on Sep 23, 2026· 26m 3s· 2 players
Game mode
Random Map
Map size
Tiny (2 player)
Population
200
Speed
Normal
Resources
Standard
Victory
Conquest
Starting age
Dark Age
Ending age
Imperial Age
RankedLock teamsTeams togetherTeam positionsShared explorationLock speedFull tech treeHidden civsTurbo modeCheats
Victory
Defeat
🇺🇸 Danes · United States
1096
+26
🇨🇴 Teutons · Colombia
1115
-17
Shame Thrower
6:35 Loom
8:55 Feudal Age
9:03 Man-at-Arms
10:06 Double-Bit Axe
14:44 Fletching
17:17 Wheelbarrow
21:10 Castle Age
20:49 Gold Mining
21:13 Horse Collar
21:11 Crossbowman
22:03 Bodkin Arrow
23:10 Bow Saw
24:06 Scale Mail Armor
24:17 Forging
24:11 Squires
skaad102
4:02 Loom
6:57 Loom
9:18 Feudal Age
10:07 Double-Bit Axe
15:50 Town Watch
21:12 Castle Age
19:35 Forging
20:38 Arson
20:37 Man-at-Arms
21:11 Gold Mining
22:33 Wheelbarrow
21:20 Long Swordsman
22:01 Squires
22:18 Gambesons
Connection lost

Rejoining the realm…

Still unreachable

The connection could not be restored.

Session expired

The server has moved on; the page needs a fresh start.